 Dungeon Crawl Stone Soup version 0.29-a0-409-gd843f3a48c (webtiles) character file.

Game seed: 2585105122338629110

260 Lekart the Skirmisher (level 5, -1/48 HPs)
             Began as a Draconian Chaos Knight on May 13, 2022.
             Was a Plaything of Xom.
             Slain by an orc
             ... wielding a +0 whip
              (4 damage)
             ... on level 2 of the Dungeon.
             The game lasted 00:03:00 (2565 turns).

Lekart the Skirmisher (Draconian Chaos Knight)      Turns: 2565, Time: 00:03:00

Health: -1/48      AC:  7    Str: 13 (14) XL:     5   Next: 95%
Magic:  5/5        EV:  8    Int: 10      God:    Xom [...*..]
Gold:   88         SH: 14    Dex: 12 (13) Spells: 4/4 levels left

rFire   . . .      SeeInvis .   a - +0 falchion (chaos)
rCold   . . .      Faith    .   i - +2 tower shield
rNeg    . . .      Spirit   .   (body armour unavailable)
rPois   .          Reflect  .   n - +2 hat
rElec   .          Harm     .   (no cloak)
rCorr   .          Rampage  .   (no gloves)
Will    .....                   (no boots)
Stlth   +.........              (no amulet)
HPRegen 0.16/turn               (no ring)
MPRegen 0.09/turn               (no ring)

@: unable to read
A: AC +5, unfitting armour, cold-blooded, deterioration 2, dopey 1, screaming 1,
subdued magic 1, inability to read while threatened
a: Renounce Religion


You were on level 2 of the Dungeon.
You worshipped Xom.
You were a favourite toy of Xom.
You visited 1 branch of the dungeon, and saw 3 of its levels.

You collected 88 gold pieces.

Inventory:

Hand Weapons
 a - a +0 falchion of chaos (weapon)
Armour
 i - a +2 tower shield (worn)
 n - a +2 hat (worn)
Jewellery
 e - a ring of magical power
Wands
 j - a wand of digging (8)
Scrolls
 g - 2 scrolls of poison
 o - a scroll of fear {unknown}
 p - a scroll of silence {unknown}
Potions
 c - 2 potions of curing
 d - a potion of magic
 f - a potion of flight {unknown}
 h - 2 potions of resistance {unknown}
 k - a potion of ambrosia {unknown}
 l - 2 potions of invisibility {unknown}
 m - a potion of attraction {unknown}
Miscellaneous
 b - a piece from Xom's chessboard (15/15) (quivered)


   Skills:
 * Level 5.3 Fighting
 + Level 3.9 Long Blades
 - Level 2.6 Dodging
 * Level 3.0 Shields


You had 4 spell levels left.
You didn't know any spells.
Your spell library contained the following spells:

 Spells                   Type           Power      Damage    Failure   Level
 Fulminant Prism          Conj/Hex       0%         3d6       100%        4
 Iskenderun's Mystic Bla  Conj/Tloc      0%         2d3       100%        4
 Alistair's Intoxication  Tmut/Pois      0%         N/A       100%        5
 Borgnjor's Vile Clutch   Necr/Erth      0%         N/A       100%        5
 Lee's Rapid Deconstruct  Erth           0%         3d5*      100%        5
 Eringya's Noxious Bog    Tmut/Pois      0%         N/A       100%        6


Dungeon Overview and Level Annotations

Branches:
Dungeon (3/15)

Altars:
Cheibriados


Innate Abilities, Weirdness & Mutations

Your plain brown scales are hard. (AC +5)
You cannot fit into any form of body armour.
You are cold-blooded and may be slowed by cold attacks.
Your body often deteriorates upon taking damage.
You are dopey. (Int -2)
You occasionally shout uncontrollably at your foes.
Your spells are a little easier to cast, but a little less powerful.
You sometimes lose the ability to read scrolls when taking damage.


Message History

There are monsters nearby!
You are too injured to fight recklessly!
You are too injured to fight recklessly!
The orc priest calls down the wrath of Beogh upon you.
Beogh smites you!
* * * LOW HITPOINT WARNING * * *
Your body deteriorates!
You feel weakened. You block the adder's attack.
The adder attacks as you move away!
You block the adder's attack. "Forecast: mostly cloudy."
The adder rages.
You block the adder's attack.
You miss the adder.
Your tail-slap misses the adder.
The adder is severely wounded.
You block the adder's attack. The adder barely misses you. x2
You hit the adder. You tail-slap the adder.
You kill the adder!
There is an escape hatch in the ceiling here.
You block the orc's attack. A mysterious force pulls you upwards.
The hatch slams shut behind you.
You hit the orc. You burn the orc.
The orc is moderately wounded.
You block the orc's attack.
You closely miss the orc.
The orc is moderately wounded.
You block the orc's attack. The orc barely misses you.
You hit the orc.
The orc flickers and vanishes!
Deactivating autopickup; reactivate with Ctrl-A.
You can read scrolls again.
Something hits you.
You feel threatened and lose the ability to read scrolls!
* * * LOW HITPOINT WARNING * * *
You hit something.
Your tail-slap misses something.
You can read scrolls again.
Something hits you.
* * * LOW HITPOINT WARNING * * *
Something hits you.
You feel threatened and lose the ability to read scrolls!
You die... "It's all fun and games until someone loses an eye."

####........###.#.#
#...........'......
#.##........###...#
####.#####......##...#
#....# #......##...# #.##.#
#......##...#
#.##.#####......##....
#.##.{...#......##...#
#.##.@...#......##...#
######.##.....#....(.##....
#..........................
######.###......#..........
#...+......#..........
#####......#..........
#......#.......#..
######.#.......#..
#####.#.#####.#..


There were no monsters in sight!

Vanquished Creatures
  Sigmund (D:3)
  3 adders
  2 dart slugs (D:1)
  An orc (D:3)
  10 endoplasms
  3 giant cockroaches
  4 hobgoblins
  4 jackals (D:2)
  4 kobolds
  2 quokkas (D:1)
  5 ball pythons
  5 bats
  2 frilled lizards (D:1)
  4 goblins
  6 rats
56 creatures vanquished.

Vanquished Creatures (collateral kills)
  A kobold (D:1)
1 creature vanquished.

Vanquished Creatures (others)
  19 fungi (D:3)
19 creatures vanquished.

Grand Total: 76 creatures vanquished

Notes
Turn   | Place    | Note
-------+----------+-------------------------------------------
     0 | D:1      | Lekart the Draconian Chaos Knight began the quest for the
                  | Orb.
     0 | D:1      | Reached XP level 1. HP: 19/19 MP: 1/1
   251 | D:1      | Reached XP level 2. HP: 23/26 MP: 2/2
   744 | D:1      | XOM: 8-stop teleportation journey
  1172 | D:1      | XOM: summons 2 hostile demons
  1223 | D:2      | Reached XP level 3. HP: 29/33 MP: 3/3
  1272 | D:2      | XOM: silly message
  1344 | D:2      | Reached skill level 4 in Fighting
  1557 | D:2      | Reached skill level 1 in Shields
  2071 | D:2      | XOM: silly message
  2136 | D:2      | Reached XP level 4. HP: 40/40 MP: 4/4
  2144 | D:2      | XOM: give mutations
  2144 | D:2      | Gained mutation: Your muscles are strong. (Str +2) [Xom's
                  | mischief]
  2144 | D:2      | Lost mutation: Your muscles are strong. (Str +2) [Xom's
                  | mischief]
  2144 | D:2      | Gained mutation: You sometimes lose the ability to read
                  | scrolls when taking damage. [Xom's mischief]
  2144 | D:2      | Gained mutation: Your spells are a little easier to cast,
                  | but a little less powerful. [Xom's mischief]
  2162 | D:2      | XOM: god gift: 6 javelins
  2248 | D:3      | Noticed Sigmund
  2254 | D:3      | Killed Sigmund
  2255 | D:3      | Reached skill level 5 in Fighting
  2255 | D:3      | Reached XP level 5. HP: 36/48 MP: 5/5
  2337 | D:3      | Found a snail-covered altar of Cheibriados.
  2479 | D:3      | XOM: give mutations
  2479 | D:3      | Gained mutation: You are dopey. (Int -2) [Xom's mischief]
  2479 | D:3      | Gained mutation: Your body sometimes deteriorates upon
                  | taking damage. [Xom's mischief]
  2479 | D:3      | Gained mutation: Your body often deteriorates upon taking
                  | damage. [Xom's mischief]
  2479 | D:3      | Gained mutation: You occasionally shout uncontrollably at
                  | your foes. [Xom's mischief]
  2556 | D:3      | XOM: fog
  2565 | D:2      | Slain by an orc

Illustrated notes

Levels and vault maps discovered:
D:1:      ncdulo_lavacross, layout_loops_ring
D:2:      layout_basic, kennysheep_generic_room_12
D:3:      layout_loops_ring, mainiacjoe_overflow_chevrons, marbit_many_paths,
          cheibriados_altar_1, serial_bayou, serial_bayou_pond_c,
          serial_bayou_lagoon_a, serial_bayou_lake_a, serial_bayou_pond_d,
          uniq_sigmund, uniq_crazy_yiuf_cottage

Skill      XL: |  1  2  3  4  5 |
---------------+----------------+-----
Fighting       | 4 5 |  5.3
Shields        | 1 2 3 |  3.0
Long Blades    | |  3.9
Dodging        | |  2.6

Action                   |  1- 3 |  4- 6 || total
-------------------------+-------+-------++-------
Melee: Falchion          |   127 |    22 ||   149
       Tailslap          |    12 |     5 ||    17
  Use: Scroll            |     5 |     1 ||     6
Armor: Skin              |    48 |     4 ||    52
Dodge: Dodged            |    60 |     8 ||    68
Block: Tower shield      |    72 |    16 ||    88

Table legend: (Time is in decaauts)
 A = Elapsed time spent in this place.
 B = Non-inter-level travel time spent in this place.
 C = Inter-level travel time spent in this place.
 D = Time resting spent in this place.
 E = Time spent auto-exploring this place.
 F = Levels seen in this place.
 G = Mean time per level.
                   A        B        C        D        E       F      G
               +--------+--------+--------+--------+--------+-----+--------+
         Total |   2627 |   2583 |     44 |    107 |   2012 |   3 |  875.7 |
       Dungeon |   2627 |   2583 |     44 |    107 |   2012 |   3 |  875.7 |
               +--------+--------+--------+--------+--------+-----+--------+

Top non-repeatable levels by time:
     D:1: 1189 daAuts
     D:2: 1095 daAuts
     D:3: 342 daAuts
